 Dungeon Sprint DCSS version 0.21-a0-50-g941c862 (webtiles) character file.

11118 pib the Devastator (level 11, -13/66 HPs)
             Began as a Deep Elf Wizard on June 11, 2017.
             Was the Champion of Vehumet.
             Mangled by a death yak (33 damage)
             ... summoned by a spriggan berserker
             ... in the Dungeon (Sprint V: "Ziggurat Sprint").
             The game lasted 00:33:29 (2086 turns).

pib the Devastator (Deep Elf Wizard)                Turns: 2086, Time: 00:33:31

Health: -13/66     AC:  7    Str:  4    XL:     11   Next: 45%
Magic:  29/29      EV:  8    Int: 39    God:    Vehumet [******]
Gold:   0          SH:  6    Dex: 13    Spells: 8/34 levels left

rFire    + + .     SeeInvis .   R - staff of wizardry
rCold    . . .     Gourm    .   N - +3 buckler
rNeg     . . .     Faith    .   X - +2 robe
rPois    +         Spirit   .   b - +0 hat
rElec    +         Reflect  .   Y - +0 cloak "Qoboer" {rElec rPois rF++ rCorr}
rCorr    +         Harm     .   (no gloves)
MR       +....     NoTele   +   P - +1 pair of boots of an ice cave {+Inv}
Stlth    ++........             (no amulet)
Regen    0.3/turn               C - +6 ring of intelligence
MPRegen  0.3/turn               B - +6 ring of intelligence

@: grasped by roots, very slightly contaminated, invisible, very slow
A: no striking features
a: Renounce Religion


You were in the Dungeon.
You worshipped Vehumet.
Vehumet was exalted by your worship.
You were not hungry.

You visited 1 branch

Inventory:

Hand Weapons
 M - the +7 Singing Sword
   (You found it in the Dungeon)
Armour
 b - a +0 hat (worn)
 N - a +3 buckler (worn)
 P - the +1 pair of boots of an ice cave (worn) {+Inv}
   (You found it in the Dungeon)

   It lets you turn invisible.
 X - a +2 robe (worn)
 Y - the +0 cloak "Qoboer" (worn) {rElec rPois rF++ rCorr}
   (You found it in the Dungeon)

   It greatly protects you from fire.
   It insulates you from electricity.
   It protects you from poison.
   It protects you from acid and corrosion.
Magical Staves
 n - an uncursed staff of air
 y - an uncursed staff of fire
 J - an uncursed staff of power
 O - a cursed staff of conjuration
 R - an uncursed staff of wizardry (weapon)
Jewellery
 a - an uncursed ring of protection from magic
 B - a +6 ring of intelligence (right hand)
 C - a +6 ring of intelligence (left hand)
 D - a +6 ring of strength
 E - a +6 ring of strength
 S - the ring of the Tempest {rC++ MR- Dex+3 Slay+5}
   (You found it in the Dungeon)

   [ring of dexterity]

   It affects your dexterity (+3).
   It affects your accuracy and damage with ranged weapons and melee attacks
   (+5).
   It greatly protects you from cold.
   It affects your resistance to hostile enchantments.
 T - an uncursed ring of protection from magic
Wands
 F - a wand of disintegration (17/24)
 G - a wand of iceblast (0/15)
 H - a wand of lightning (3/15)
 I - a wand of acid (4/15)
Scrolls
 j - 2 scrolls of blinking
 q - 4 scrolls of amnesia
 r - a scroll of recharging
 s - 7 scrolls of fog
 t - a scroll of holy word
 u - 5 scrolls of identify
 v - 4 scrolls of remove curse
 w - 2 scrolls of fear
 U - 2 scrolls of brand weapon
Potions
 e - 9 potions of curing
 f - 5 potions of heal wounds
 g - 6 potions of haste
 h - 4 potions of magic
 k - 2 potions of brilliance
 l - a potion of invisibility
 m - 4 potions of resistance
 o - 5 potions of agility
Books
 c - a book of Burglary

   Spells                             Type                      Level
   a - Swiftness                      Charms/Air                   2
   b - Passwall                       Transmutation/Earth          2
   c - Passage of Golubria            Translocation                4
   d - Lee's Rapid Deconstruction     Earth                        5
   e - Darkness                       Hexes                        6
   f - Invisibility                   Hexes                        6
 i - a book of the Sky

   Spells                             Type                      Level
   a - Summon Lightning Spire         Summoning/Air                4
   b - Silence                        Hexes/Air                    5
   c - Deflect Missiles               Charms/Air                   6
   d - Conjure Ball Lightning         Conjuration/Air              6
   e - Tornado                        Air                          9
 p - the Guide on Attacks
   (You found it in the Dungeon)

   Spells                             Type                      Level
   a - Shock                          Conjuration/Air              1
   b - Flame Tongue                   Conjuration/Fire             1
   c - Lightning Bolt                 Conjuration/Air              5
   d - Iskenderun's Battlesphere      Conjuration/Charms           5
   e - Bolt of Fire                   Conjuration/Fire             6
 Q - a Young Poisoner's Handbook

   Spells                             Type                      Level
   a - Sting                          Conjuration/Poison           1
   b - Poisonous Vapours              Poison/Air                   2
   c - Mephitic Cloud                 Conjuration/Poison/Air       3
   d - Olgreb's Toxic Radiance        Poison                       4
   e - Venom Bolt                     Conjuration/Poison           5
Miscellaneous
 K - a crystal ball of energy
 L - a lightning rod (4/4)
 Z - a box of beasts
Comestibles
 d - 3 bread rations
 x - 41 fruits
 z - 4 meat rations


   Skills:
 - Level 6.8 Fighting
 - Level 2.4 Dodging
 - Level 2.4 Stealth
 + Level 12.0 Spellcasting
 - Level 18.4 Conjurations
 - Level 6.1 Hexes
   Level 1.1 Summonings
 - Level 1.1 Translocations
 + Level 13.2 Air Magic
 - Level 8.4 Poison Magic
 - Level 8.4 Evocations


You had 8 spell levels left.
You knew the following spells:

 Your Spells              Type           Power        Failure   Level  Hunger
a - Magic Dart            Conj           ####         0%          1    None
b - Mephitic Cloud        Conj/Pois/Air  #######.     1%          3    None
c - Blink                 Tloc           N/A          1%          2    None
d - Venom Bolt            Conj/Pois      #######...   1%          5    None
e - Sandblast             Erth           ###...       1%          1    None
f - Discord               Hex            ######....   99%         8    ######.
g - Bolt of Fire          Conj/Fire      #######...   1%          6    ###....


Dungeon Overview and Level Annotations

Branches:
Dungeon (1/1)

Altars:
Ashenzari
Cheibriados
Dithmenos
Elyvilon
Fedhas
Gozag
Hepliaklqana
Kikubaaqudgha
Makhleb
Nemelex Xobeh
Okawaru
Qazlal
Ru
Sif Muna
Trog
Uskayaw
Vehumet
Wu Jian
Xom
Yredelemnul
Zin
The Shining One
Beogh
Jiyva
Lugonu

Annotations:
D 1 transporter


Message History

Blink to where?
Press: ? - help, Dir - move target cursor, p - spriggan rider
As you read the scroll of blinking, it crumbles to dust.
Tangled roots snake along the ground.
The spriggan berserker yells, "Get them off me!"
Something hits the faun.
Okay, then.
Magic courses through your body.
Tangled roots snake along the ground.
The spriggan rider blocks the elephant's attack.
The elephant misses the spriggan rider.
The death yak rages.
You fade into invisibility!
The elephant tramples the shambling mangrove!
The shambling mangrove holds its ground!
The elephant barely misses the shambling mangrove.
The death yak barely misses you. The death yak gores you!!
Ouch! That really hurt!
You die...

▓..:i)}.).▓..[||)...▓..|}
▓..}))[[..▓...))):..▓...)
▓.....†.fY▓.........▓....
▓.........▓.........▓....
▓......f..▓.........▓....
▓....R...Y▓....|....▓....
▓...|.....▓.........▓.▓..
▓.▓.....▓Y▓.▓..)..▓.▓....
▓.......@.▓.........▓▓▓▓▓
▓▓▓▓▓▓▓▓▓▓▓▓▓▓▓▓▓▓▓▓▓


You could see a dire elephant (wandering), a shambling mangrove, a death yak
(berserk), an elephant (berserk) and a dryad (confused).

Vanquished Creatures
  A spriggan (D)
  A wolf spider (D)
  2 cyclopes (D)
  2 naga magi (D)
  2 eyes of devastation (D)
  2 large abominations (D)
  A smoke demon (D)
  An orange demon (D)
  A dryad (D)
  A hellwing (D)
  A troll (D)
  A hornet (D)
  3 jumping spiders (D)
  2 slime creatures (D)
  2 redbacks (D)
  A tarantella (D)
  2 ynoxinuls (D)
  A steam dragon (shapeshifter) (D)
  An acid dragon (shapeshifter) (D)
  A hell hound (D)
  A water moccasin (D)
  A floating eye (D)
  A small abomination (D)
  A phantom (D)
  A tengu (shapeshifter) (D)
  3 ogres (D)
  A crocodile (shapeshifter) (D)
  A scorpion (shapeshifter) (D)
  6 scorpions (D)
  2 wights (D)
  2 crimson imps (D)
  A quasit (D)
  An iron imp (D)
  4 jellies (D)
  2 adders (D)
  A shadow imp (D)
  3 white imps (D)
  2 ufetubi (D)
  An ooze (D)
  An adder zombie (D)
  A butterfly (D)
66 creatures vanquished.

Vanquished Creatures (collateral kills)
  A spriggan air mage (D)
  An efreet (D)
2 creatures vanquished.

Vanquished Creatures (others)
  2 spatial maelstroms (D)
  A ball python (D)
3 creatures vanquished.

Grand Total: 71 creatures vanquished

Notes
Turn   | Place    | Note
-------+----------+-------------------------------------------
     0 | D        | pib the Deep Elf Wizard began the quest for the Orb.
     0 | D        | Reached XP level 1. HP: 10/10 MP: 7/7
     0 | D        | Found a deep blue altar of Sif Muna.
     0 | D        | Found a sacrificial altar of Ru.
     0 | D        | Found a bloodstained altar of Trog.
     0 | D        | Found a stormy altar of Qazlal.
     0 | D        | Found an iron altar of Okawaru.
     0 | D        | Found a sparkling altar of Nemelex Xobeh.
     0 | D        | Found a blossoming altar of Fedhas.
     2 | D        | Found a transporter.
     2 | D        | Found an ancient bone altar of Kikubaaqudgha.
     2 | D        | Found a viscous altar of Jiyva.
     2 | D        | Found a corrupted altar of Lugonu.
     2 | D        | Found a hazy altar of Hepliaklqana.
     2 | D        | Found a burning altar of Makhleb.
     2 | D        | Found an opulent altar of Gozag.
     2 | D        | Banished a spatial maelstrom
    14 | D        | Banished a spatial maelstrom
    66 | D        | Became a worshipper of Vehumet
    79 | D        | Entered arena 2.
    79 | D        | Noticed a floating eye
    79 | D        | Found a transporter.
    80 | D        | Reached skill level 5 in Spellcasting
    80 | D        | Reached skill level 2 in Conjurations
    80 | D        | Reached skill level 1 in Evocations
    81 | D        | Killed a floating eye
    81 | D        | Reached skill level 5 in Conjurations
    81 | D        | Reached skill level 5 in Evocations
    81 | D        | Reached XP level 2. HP: 15/15 MP: 8/13
    81 | D        | Reached XP level 3. HP: 19/19 MP: 8/14
    81 | D        | Reached XP level 4. HP: 24/24 MP: 9/16
    85 | D        | Got the +1 pair of boots of an ice cave {+Inv}
   134 | D        | Learned a level 3 spell: Mephitic Cloud
   137 | D        | Learned a level 2 spell: Blink
   138 | D        | Entered arena 3.
   138 | D        | Noticed a hell hound
   138 | D        | Found a transporter.
   139 | D        | Reached * piety under Vehumet
   139 | D        | Offered knowledge of Freeze by Vehumet.
   140 | D        | Reached skill level 6 in Conjurations
   140 | D        | Reached XP level 5. HP: 18/28 MP: 17/17
   140 | D        | Killed a hell hound
   140 | D        | Reached skill level 8 in Conjurations
   166 | D        | Learned a level 5 spell: Venom Bolt
   269 | D        | Entered arena 4.
   269 | D        | Noticed a jumping spider
   269 | D        | Noticed a jumping spider
   269 | D        | Found a transporter.
   270 | D        | Killed a jumping spider
   270 | D        | Reached ** piety under Vehumet
   270 | D        | Reached skill level 10 in Conjurations
   270 | D        | Reached XP level 6. HP: 32/32 MP: 13/19
   271 | D        | Killed a jumping spider
   271 | D        | Reached skill level 11 in Conjurations
   271 | D        | Reached XP level 7. HP: 36/36 MP: 12/20
   272 | D        | Reached skill level 1 in Fighting
   338 | D        | Entered arena 5.
   338 | D        | Found a transporter.
   339 | D        | Offered knowledge of Sandblast by Vehumet.
   339 | D        | Reached *** piety under Vehumet
   339 | D        | Reached skill level 12 in Conjurations
   396 | D        | Entered arena 6.
   396 | D        | Noticed a steam dragon
   396 | D        | Found a transporter.
   400 | D        | Reached **** piety under Vehumet
   400 | D        | Reached XP level 8. HP: 46/46 MP: 4/22
   400 | D        | Reached skill level 13 in Conjurations
   401 | D        | Reached skill level 14 in Conjurations
   415 | D        | Reached ***** piety under Vehumet
   590 | D        | Learned a level 1 spell: Sandblast
   591 | D        | Entered arena 7.
   591 | D        | Noticed a naga mage
   591 | D        | Noticed a naga mage
   597 | D        | Offered knowledge of Stone Arrow by Vehumet.
   598 | D        | Found a transporter.
   605 | D        | Killed a naga mage
   605 | D        | Reached skill level 15 in Conjurations
   607 | D        | Killed a naga mage
   607 | D        | Reached skill level 16 in Conjurations
   607 | D        | Reached XP level 9. HP: 46/50 MP: 3/23
   628 | D        | Got the +0 cloak "Qoboer" {rElec rPois rF++ rCorr}
   722 | D        | Reached XP level 10. HP: 61/61 MP: 24/24
   737 | D        | Entered arena 8.
   737 | D        | Noticed a cyclops
   737 | D        | Noticed a cyclops
   740 | D        | Reached skill level 17 in Conjurations
   742 | D        | Killed a cyclops
   761 | D        | Killed a cyclops
   761 | D        | Offered knowledge of Static Discharge by Vehumet.
   761 | D        | Reached ****** piety under Vehumet
   761 | D        | Reached skill level 18 in Conjurations
   764 | D        | Found a transporter.
   770 | D        | Identified Yteam's Incunabulum of Enthralling Good Luck (You found it in the Dungeon)
   770 | D        | Identified Yteam's Incunabulum of Enthralling Good Luck (You found it in the Dungeon)
   779 | D        | Learned a level 8 spell: Discord
   782 | D        | Got the ring of the Tempest {rC++ MR- Dex+3 Slay+5}
   873 | D        | Entered arena 9.
   873 | D        | Noticed a smoke demon
   878 | D        | Killed a smoke demon
   880 | D        | Reached skill level 10 in Spellcasting
   880 | D        | Reached skill level 5 in Hexes
   881 | D        | Found a transporter.
   900 | D        | Identified the Guide on Attacks (You found it in the Dungeon)
   986 | D        | Identified the Guide on Attacks (You found it in the Dungeon)
   995 | D        | Learned a level 6 spell: Bolt of Fire
  1065 | D        | Entered arena 10.
  1065 | D        | Noticed an eye of devastation
  1065 | D        | Noticed an eye of devastation
  1067 | D        | Killed an eye of devastation
  1067 | D        | Offered knowledge of Throw Icicle by Vehumet.
  1070 | D        | Killed an eye of devastation
  1070 | D        | Reached skill level 5 in Air Magic
  1073 | D        | Found a transporter.
  1192 | D        | Entered arena 11.
  1192 | D        | Noticed a wolf spider
  1196 | D        | Killed a wolf spider
  1196 | D        | Reached XP level 11. HP: 66/66 MP: 27/27
  1198 | D        | Reached skill level 10 in Air Magic
  1240 | D        | Found a transporter.
  1252 | D        | Identified the Volume of Enchantment (You found it in the Dungeon)
  1348 | D        | Entered arena 12.
  1350 | D        | Offered knowledge of Iskenderun's Mystic Blast by Vehumet.
  1363 | D        | Found a transporter.
  2065 | D        | Entered arena 13.
  2065 | D        | Noticed a dire elephant
  2065 | D        | Noticed a spriggan berserker
  2065 | D        | Noticed a shambling mangrove
  2066 | D        | Noticed a shambling mangrove
  2066 | D        | Noticed a spriggan rider
  2067 | D        | Noticed a spriggan air mage
  2069 | D        | Noticed a spriggan rider
  2070 | D        | Killed a spriggan air mage
  2070 | D        | Offered knowledge of Airstrike by Vehumet.
  2071 | D        | Found a transporter.
  2074 | D        | Noticed a death yak
  2076 | D        | Killed a spriggan rider
  2086 | D        | Mangled by a death yak

Vault maps used:
D:        sprint_v

Skill      XL: |  1  2  3  4  5  6  7  8  9 10 11 |
---------------+----------------------------------+-----
Spellcasting   | 8 10 12 | 12.0
Conjurations   | 5 6 10 11 12 16 18 | 18.4
Evocations     | 5 6 8 |  8.4
Poison Magic   | 6 8 |  8.4
Fighting       | 3 6 |  6.8
Hexes          | 6 |  6.1
Air Magic      | 8 13 | 13.2
Dodging        | |  2.4
Stealth        | |  2.4
Summonings     | |  1.1
Translocations | |  1.1

Action                   |  1- 3 |  4- 6 |  7- 9 | 10-12 || total
-------------------------+-------+-------+-------+-------++-------
Melee: Staff             |       |       |     5 |     3 ||     8
       Double sword      |       |       |     5 |       ||     5
 Cast: Venom Bolt        |       |     1 |    11 |    21 ||    33
       Magic Dart        |       |       |    10 |     2 ||    12
       Mephitic Cloud    |       |       |     2 |     3 ||     5
       Blink             |       |       |     3 |     5 ||     8
       Bolt of Fire      |       |       |       |    16 ||    16
Evoke: Wand              |     1 |     3 |     7 |     4 ||    15
       Crystal ball of e |       |       |     1 |       ||     1
       Staff of energy   |       |       |       |     1 ||     1
       Box of beasts     |       |       |       |     1 ||     1
       Phantom mirror    |       |       |       |     1 ||     1
  Use: Potion            |       |       |     4 |     7 ||    11
       Scroll            |       |       |       |     5 ||     5
  Eat: Bread ration      |       |       |       |     2 ||     2
       Chunk             |       |       |       |     1 ||     1
       Fruit             |       |       |       |     1 ||     1
Armor: Robe              |       |       |     1 |       ||     1
Dodge: Dodged            |       |       |     5 |     7 ||    12
Block: Buckler           |       |       |     7 |     2 ||     9
